PBL
HOUSTON COLT .45'S @ JOPLIN BLASTERS
09/13/2049
 
TOP OF THE 1ST
Houston Colt .45's batting - Pitching for Joplin Blasters : LHP Sean Walters
Pitching: LHP Sean Walters
Batting: RHB Ralph Baltimore 0-0: Ground out 4-3 (Groundball, 4D, EV 108.8 MPH)
Batting: RHB Jonathan Rausch 0-0: Ball
1-0: Ball
2-0: SINGLE (Groundball, 34D, EV 98.8 MPH)
Batting: RHB Doug Dark 0-0: Ball
1-0: Fly out, F8 (Line Drive, 8LD, EV 91.2 MPH)
Batting: LHB Vecdi Hodensack 0-0: Called Strike
0-1: Ball
1-1: Ball
2-1: Ball
3-1: Swinging Strike
3-2: Ground out 5-3 (Groundball, 25, EV 82.5 MPH)
Top of the 1st over - 0 runs, 1 hit, 0 errors, 1 left on base; Houston 0 - Joplin 0
BOTTOM OF THE 1ST
Joplin Blasters batting - Pitching for Houston Colt .45's : RHP Kurt Carr
Pitching: RHP Kurt Carr
Batting: RHB Angel Melendez 0-0: Foul Ball, location: 2F
0-1: Ball
1-1: Ball
2-1: Bunt missed!
2-2: Strikes out swinging
Batting: RHB Donnie Bednarz 0-0: Swinging Strike
0-1: Foul Ball, location: 2F
0-2: Strikes out swinging
Batting: RHB Dustin Peterson 0-0: Ball
1-0: Called Strike
1-1: Called Strike
1-2: Foul Ball, location: 2F
1-2: Ball
2-2: Strikes out swinging
Bottom of the 1st over - 0 runs, 0 hits, 0 errors, 0 left on base; Houston 0 - Joplin 0
TOP OF THE 2ND
Houston Colt .45's batting - Pitching for Joplin Blasters : LHP Sean Walters
Batting: RHB Devon Healy 0-0: Fly out, F9 (Flyball, 9, EV 85.6 MPH)
Batting: RHB Edward Chan 0-0: Foul Ball, location: 2F
0-1: Foul Ball, location: 2F
0-2: Strikes out swinging
Batting: LHB Casper Significant 0-0: Swinging Strike
0-1: Ground out 1-3 (Groundball, 13S, EV 67.5 MPH)
Top of the 2nd over - 0 runs, 0 hits, 0 errors, 0 left on base; Houston 0 - Joplin 0
BOTTOM OF THE 2ND
Joplin Blasters batting - Pitching for Houston Colt .45's : RHP Kurt Carr
Batting: RHB Steve Huebner 0-0: Ball
1-0: Called Strike
1-1: Swinging Strike
1-2: Strikes out swinging
Batting: LHB Willie Marquez 0-0: Ball
1-0: SINGLE (Line Drive, 78S, EV 106.2 MPH)
Batting: RHB Jin-hoi Hur 0-0: Ball
1-0: Called Strike
1-1: Foul Ball, location: 2F
1-2: Foul Ball, location: 2F
1-2: Ball
2-2: Fly out, F9 (Flyball, 9S, EV 90.0 MPH)
Batting: RHB Nate Brewer 0-0: Foul Ball, location: 2F
0-1: Foul Ball, location: 2F
0-2: Fly out, F8 (Flyball, 8RM, EV 88.8 MPH)
Bottom of the 2nd over - 0 runs, 1 hit, 0 errors, 1 left on base; Houston 0 - Joplin 0
TOP OF THE 3RD
Houston Colt .45's batting - Pitching for Joplin Blasters : LHP Sean Walters
Batting: RHB Jay Hussey 0-0: Foul Ball, location: 2F
0-1: Called Strike
0-2: Ball
1-2: Ball
2-2: Foul Ball, location: 2F
2-2: Ball
3-2: Ground out 6-3 (Groundball, 6S, EV 73.1 MPH)
Batting: LHB Pappy Sterile 0-0: Ball
1-0: Called Strike
1-1: Ball
2-1: Ball
3-1: Called Strike
3-2: Base on Balls
Batting: RHB Ralph Baltimore 0-0: Fly out, F8 (Line Drive, 8LD, EV 90.0 MPH)
Batting: RHB Jonathan Rausch 0-0: Foul Ball, location: 2F
0-1: Ball
1-1: Called Strike
Pappy Sterile steals 2nd base
1-2: Foul Ball, location: 2F
1-2: Ball
2-2: Ground out 1-3 (Groundball, 15S, EV 72.5 MPH)
Top of the 3rd over - 0 runs, 0 hits, 0 errors, 1 left on base; Houston 0 - Joplin 0
BOTTOM OF THE 3RD
Joplin Blasters batting - Pitching for Houston Colt .45's : RHP Kurt Carr
Batting: LHB Josh Lane 0-0: Fly out, F3 (Line Drive, 3L, EV 71.2 MPH)
Batting: RHB Sean Walters 0-0: Swinging Strike
0-1: Swinging Strike
0-2: Foul Ball, location: 2F
0-2: Ball
1-2: Ground out 4-3 (Groundball, 4, EV 85.0 MPH)
Batting: RHB Angel Melendez 0-0: Ground out 6-3 (Groundball, 6, EV 80.6 MPH)
Bottom of the 3rd over - 0 runs, 0 hits, 0 errors, 0 left on base; Houston 0 - Joplin 0
TOP OF THE 4TH
Houston Colt .45's batting - Pitching for Joplin Blasters : LHP Sean Walters
Batting: RHB Doug Dark 0-0: Foul Ball, location: 2F
0-1: Swinging Strike
0-2: Strikes out swinging
Batting: LHB Vecdi Hodensack 0-0: Called Strike
0-1: Swinging Strike
0-2: Foul Ball, location: 2F
0-2: Ball
1-2: Strikes out swinging
Batting: RHB Devon Healy 0-0: Ground out 6-3 (Groundball, 6M, EV 97.5 MPH)
Top of the 4th over - 0 runs, 0 hits, 0 errors, 0 left on base; Houston 0 - Joplin 0
BOTTOM OF THE 4TH
Joplin Blasters batting - Pitching for Houston Colt .45's : RHP Kurt Carr
Batting: RHB Donnie Bednarz 0-0: Called Strike
0-1: Ball
1-1: SINGLE (Line Drive, 34, EV 94.4 MPH)
Batting: RHB Dustin Peterson 0-0: Foul Ball, location: 2F
0-1: Foul Ball, location: 2F
0-2: Foul Ball, location: 2F
0-2: Strikes out looking
Batting: RHB Steve Huebner 0-0: Called Strike
0-1: Ball
1-1: Ball
2-1: Ball
3-1: 2-RUN HOME RUN (Flyball, 9LD, EV 98.8 MPH), Distance : 390 ft
Batting: LHB Willie Marquez 0-0: Foul Ball, location: 2F
0-1: Ball
1-1: Fly out, F9 (Line Drive, 9S, EV 91.9 MPH)
Batting: RHB Jin-hoi Hur 0-0: Called Strike
0-1: Foul Ball, location: 2F
0-2: Strikes out swinging
Bottom of the 4th over - 2 runs, 2 hits, 0 errors, 0 left on base; Houston 0 - Joplin 2
TOP OF THE 5TH
Houston Colt .45's batting - Pitching for Joplin Blasters : LHP Sean Walters
Batting: RHB Edward Chan 0-0: Ball
1-0: Ball
2-0: Ball
3-0: Foul Ball, location: 2F
3-1: Bunt missed!
3-2: Foul Ball, location: 2F
3-2: SOLO HOME RUN (Line Drive, 7LD, EV 96.2 MPH), Distance : 368 ft
Batting: LHB Casper Significant 0-0: SOLO HOME RUN (Flyball, 9D, EV 111.9 MPH), Distance : 419 ft
Batting: RHB Jay Hussey 0-0: Fly out, F7 (Flyball, 7, EV 86.9 MPH)
Batting: LHB Pappy Sterile 0-0: Called Strike
0-1: Ball
1-1: Ground out 5-3 (Groundball, 6MS, EV 73.1 MPH)
Batting: RHB Ralph Baltimore 0-0: Ground out 4-3 (Groundball, 4, EV 103.1 MPH)
Top of the 5th over - 2 runs, 2 hits, 0 errors, 0 left on base; Houston 2 - Joplin 2
BOTTOM OF THE 5TH
Joplin Blasters batting - Pitching for Houston Colt .45's : RHP Kurt Carr
Batting: RHB Nate Brewer 0-0: Ball
1-0: Foul Ball, location: 2F
1-1: SINGLE (Line Drive, 3D, EV 100.0 MPH)
Batting: LHB Josh Lane 0-0: Foul Ball, location: 2F
0-1: Fly out, F7 (Flyball, 78S, EV 80.6 MPH)
Batting: RHB Sean Walters 0-0: Called Strike
0-1: Ball
1-1: Called Strike
1-2: Ball
2-2: Ground out 5-3 (Groundball, 5, EV 98.8 MPH)
Nate Brewer to second
Batting: RHB Angel Melendez 0-0: Ball
1-0: Ball
2-0: Ball
3-0: Called Strike
3-1: Foul Ball, location: 2F
3-2: Strikes out looking
Bottom of the 5th over - 0 runs, 1 hit, 0 errors, 1 left on base; Houston 2 - Joplin 2
TOP OF THE 6TH
Houston Colt .45's batting - Pitching for Joplin Blasters : LHP Sean Walters
Batting: RHB Jonathan Rausch 0-0: Called Strike
0-1: Ball
1-1: Foul Ball, location: 2F
1-2: Strikes out swinging
Pitching: RHP Robert Carlos
Batting: RHB Doug Dark 0-0: SINGLE (Groundball, 56D, EV 95.0 MPH)
Batting: LHB Vecdi Hodensack 0-0: Ball
1-0: Foul Ball, location: 2F
1-1: Ground out 4-3 (Groundball, 4MS, EV 72.5 MPH)
Doug Dark to second
Batting: RHB Devon Healy 0-0: Swinging Strike
0-1: SINGLE (Flyball, 8LS, EV 91.9 MPH)
Doug Dark to third
Runner from 3rd tries for Home, throw by CF and OUT! 8-2
Top of the 6th over - 0 runs, 2 hits, 0 errors, 1 left on base; Houston 2 - Joplin 2
BOTTOM OF THE 6TH
Joplin Blasters batting - Pitching for Houston Colt .45's : RHP Kurt Carr
Batting: RHB Donnie Bednarz 0-0: Called Strike
0-1: Ball
1-1: Swinging Strike
1-2: Strikes out swinging
Batting: RHB Dustin Peterson 0-0: Fly out, F8 (Flyball, 8RM, EV 88.8 MPH)
Batting: RHB Steve Huebner 0-0: Fly out, F9 (Flyball, 9D, EV 85.0 MPH)
Bottom of the 6th over - 0 runs, 0 hits, 0 errors, 0 left on base; Houston 2 - Joplin 2
TOP OF THE 7TH
Houston Colt .45's batting - Pitching for Joplin Blasters : RHP Robert Carlos
Batting: RHB Edward Chan 0-0: Ball
1-0: Foul Ball, location: 2F
1-1: Ball
2-1: Foul Ball, location: 2F
2-2: SOLO HOME RUN (Flyball, 7D, EV 98.8 MPH), Distance : 389 ft
Batting: LHB Casper Significant 0-0: Ground out 3-1 (Groundball, 34S, EV 85.0 MPH)
Batting: RHB Jay Hussey 0-0: Ball
1-0: Hit by Pitch
Batting: LHB Pappy Sterile 0-0: Swinging Strike
0-1: Ball
1-1: Called Strike
1-2: Fly out, F8 (Flyball, 78M, EV 90.0 MPH)
Batting: RHB Ralph Baltimore 0-0: Called Strike
0-1: Swinging Strike
0-2: Strikes out swinging
Top of the 7th over - 1 run, 1 hit, 0 errors, 1 left on base; Houston 3 - Joplin 2
BOTTOM OF THE 7TH
Joplin Blasters batting - Pitching for Houston Colt .45's : RHP Kurt Carr
Batting: LHB Willie Marquez 0-0: Called Strike
0-1: Swinging Strike
0-2: Ball
1-2: Ball
2-2: Ball
3-2: Base on Balls
Pitching: LHP Jordan Garcia
Batting: RHB Jin-hoi Hur 0-0: Bunted foul
0-1: Ball
1-1: Sac Bunt to 15 - play at second, runner OUT! 1-6
Pinch Hitting: RHB Mike McClung 0-0: Called Strike
0-1: Called Strike
0-2: Ball
1-2: Ball
2-2: Ball
3-2: Base on Balls
Jin-hoi Hur to second
Pinch Hitting: RHB Kevin Lea 0-0: Called Strike
0-1: Swinging Strike
0-2: Strikes out swinging
Batting: RHB Carlos Castillo 0-0: Called Strike
0-1: Ball
1-1: Foul Ball, location: 2F
1-2: Ball
2-2: Foul Ball, location: 2F
2-2: Strikes out swinging
Bottom of the 7th over - 0 runs, 0 hits, 0 errors, 2 left on base; Houston 3 - Joplin 2
TOP OF THE 8TH
Houston Colt .45's batting - Pitching for Joplin Blasters : RHP Robert Carlos
Now at 3B: Kevin Lea
Now in RF: Alex Valadez
Batting: RHB Jonathan Rausch 0-0: Ball
1-0: Fly out, F3 (Line Drive, 3L, EV 65.0 MPH)
Batting: RHB Doug Dark 0-0: Ball
1-0: Fly out, F7 (Flyball, 78M, EV 91.2 MPH)
Batting: LHB Vecdi Hodensack 0-0: Ball
1-0: Ball
2-0: Ball
3-0: Called Strike
3-1: SINGLE (Groundball, 6MD, EV 107.5 MPH)
Batting: RHB Devon Healy 0-0: Ball
1-0: Called Strike
1-1: Ball
2-1: Fielders Choice at 2nd, 5-4 (Groundball, 56, EV 87.5 MPH)
Top of the 8th over - 0 runs, 1 hit, 0 errors, 1 left on base; Houston 3 - Joplin 2
BOTTOM OF THE 8TH
Joplin Blasters batting - Pitching for Houston Colt .45's : LHP Jordan Garcia
Pinch Hitting: RHB Cody Marshall 0-0: Fly out, F8 (Flyball, 8LD, EV 101.9 MPH)
Batting: RHB Donnie Bednarz 0-0: Called Strike
0-1: Ground out 6-3 (Groundball, 6, EV 78.1 MPH)
Batting: RHB Dustin Peterson 0-0: Fly out, F7 (Flyball, 78M, EV 95.0 MPH)
Bottom of the 8th over - 0 runs, 0 hits, 0 errors, 0 left on base; Houston 3 - Joplin 2
TOP OF THE 9TH
Houston Colt .45's batting - Pitching for Joplin Blasters : RHP Robert Carlos
Now at 2B: Cody Marshall
Batting: RHB Edward Chan 0-0: Ball
1-0: Ball
2-0: Ball
3-0: Called Strike
3-1: Swinging Strike
3-2: SOLO HOME RUN (Flyball, 7D, EV 107.5 MPH), Distance : 384 ft
Batting: LHB Casper Significant 0-0: Foul Ball, location: 2F
0-1: Ground out U3 (Groundball, 3, EV 83.1 MPH)
Batting: RHB Jay Hussey 0-0: Ball
1-0: Ball
2-0: Ball
3-0: Base on Balls
Batting: LHB Pappy Sterile 0-0: Foul Ball, location: 2F
0-1: Fielders Choice at 2nd, 6-4 (Groundball, 6M, EV 101.9 MPH)
Batting: RHB Ralph Baltimore 0-0: Ball
1-0: Ball
2-0: Foul Ball, location: 2F
2-1: Swinging Strike
2-2: Ball
3-2: Foul Ball, location: 2F
3-2: SINGLE (Groundball, 5D, EV 106.2 MPH)
Pappy Sterile to second
Pappy Sterile to third
Batting: RHB Jonathan Rausch 0-0: Ball
Balk!
Pappy Sterile scores
Ralph Baltimore to second
1-0: Ball
2-0: Called Strike
2-1: Foul Ball, location: 2F
2-2: Ball
3-2: Ground out 6-3 (Groundball, P, EV 81.9 MPH)
Top of the 9th over - 2 runs, 2 hits, 0 errors, 1 left on base; Houston 5 - Joplin 2
BOTTOM OF THE 9TH
Joplin Blasters batting - Pitching for Houston Colt .45's : LHP Jordan Garcia
Batting: RHB Steve Huebner 0-0: Called Strike
0-1: Reached on error, E5 (Groundball, 56, EV 87.5 MPH)
Pinch Hitting: RHB Colin Padgett 0-0: Ball
1-0: Foul Ball, location: 2F
1-1: Foul Ball, location: 2F
1-2: Foul Ball, location: 2F
1-2: Foul Ball, location: 2F
1-2: Ball
2-2: SINGLE (Line Drive, 8LS, EV 111.9 MPH)
Steve Huebner to third
Pitching: RHP Sam Williams
Pinch Hitting: RHB Abban Sartika 0-0: Ball
1-0: Foul Ball, location: 2F
1-1: Swinging Strike
1-2: Foul Ball, location: 2F
1-2: Strikes out swinging
Batting: RHB Alex Valadez 0-0: Ball
1-0: Called Strike
1-1: Fly out, F8 (Flyball, 8RD, EV 75.6 MPH)
Runner from 3rd tags up, SCORES, no throw by CF
Batting: RHB Kevin Lea 0-0: Ball
1-0: Fly out, F8 (Line Drive, 8RD, EV 97.5 MPH)
Bottom of the 9th over - 1 run, 1 hit, 1 error, 1 left on base; Houston 5 - Joplin 3
Sunday, July 16th , 2023 - OOTP Baseball 24.6 Build 69